 Dungeon Crawl Stone Soup version 0.19-a0-1886-gd64a0f0 (webtiles) character file.

1018 Promi the Magician (level 7, -1/57 HPs)
             Began as a Demigod Wanderer on Oct 15, 2016.
             Killed by divine providence
             ... invoked by an orc priest
              (11 damage)
             ... on level 7 of the Dungeon.
             The game lasted 00:44:47 (7989 turns).

Promi the Magician (Demigod Wanderer)               Turns: 7989, Time: 00:44:48

Health: -1/57      AC:  8    Str: 17    XL:     7   Next: 70%
Magic:  13/17      EV: 12    Int: 16    God:
Gold:   229        SH:  5    Dex: 17    Spells: 5 memorised, 6 levels left

rFire  + . .     SeeInvis .     q - +2 mace (drain)
rCold  . . .     Gourm    +     p - +1 robe {rF+}
rNeg   . . .     Faith    .     z - +0 buckler
rPois  .         Spirit   .     B - +0 helmet
rElec  .         Dismiss  .     (no cloak)
rCorr  .         Reflect  .     t - +2 pair of gloves
MR     .....     Harm     .     y - +0 pair of boots
Stlth  ++........               F - amulet of the gourmand
                                (no ring)
                                n - +1 ring of evasion

@: about to teleport, very slightly contaminated, drained
A: high mp 1
a: no special abilities


You were on level 7 of the Dungeon.
You were completely stuffed.

You visited 1 branch of the dungeon, and saw 7 of its levels.

You collected 435 gold pieces.
You spent 206 gold pieces at shops.

Inventory:

Hand Weapons
 d - a +0 dagger
 h - a +0 hunting sling
 k - a +0 short sword
 q - a +2 mace of draining (weapon)
Missiles
 i - 196 stones (quivered)
Armour
 p - a +1 robe of fire resistance (worn)
 s - a +0 ring mail
 t - a +2 pair of gloves (worn)
 u - a +0 chain mail
 y - a +0 pair of boots (worn)
 z - a +0 buckler (worn)
 B - a +0 helmet (worn)
Jewellery
 n - a +1 ring of evasion (left hand)
 F - an amulet of the gourmand (around neck)
Wands
 l - a wand of random effects (13/48)
 w - a wand of paralysis (1/24)
Scrolls
 g - 2 scrolls of identify
 m - 2 scrolls of remove curse
 x - a scroll of vulnerability {unknown}
 C - a scroll of recharging {unknown}
 G - 2 scrolls of teleportation
Potions
 c - a potion of curing
 e - a potion of degeneration {unknown}
 r - a potion of resistance
 v - 3 potions of haste
 D - a potion of heal wounds
 E - 2 potions of magic
Books
 a - a book of Minor Magic

   Spells                             Type                      Level
   a - Magic Dart                     Conjuration                  1
   b - Blink                          Translocation                2
   c - Call Imp                       Summoning                    2
   d - Repel Missiles                 Charms/Air                   2
   e - Slow                           Hexes                        2
   f - Conjure Flame                  Conjuration/Fire             3
   g - Mephitic Cloud                 Conjuration/Poison/Air       3
 b - the Collected Works on Calling

   Spells                             Type                      Level
   a - Summon Small Mammal            Summoning                    1
   b - Call Canine Familiar           Summoning                    3
Comestibles
 f - 5 bread rations
 j - 7 meat rations
 o - 3 beef jerkies
 A - 5 fruits
 H - 3 chunks of flesh


   Skills:
 + Level 3.3(2.6) Fighting
 - Level 1.0(0.2) Short Blades
 + Level 3.2(2.5) Maces & Flails
 - Level 4.0(3.3) Shields
 + Level 4.8(4.0) Spellcasting
   Level 1.0(0.2) Hexes
 - Level 2.6(1.8) Summonings
 - Level 1.1(0.4) Translocations
   Level 2.6(1.9) Ice Magic
 + Level 2.0(1.3) Evocations


You had 6 spell levels left.
You knew the following spells:

 Your Spells              Type           Power        Failure   Level  Hunger
a - Magic Dart            Conj           #...         17%         1    None
b - Summon Small Mammal   Summ           #...         12%         1    None
c - Call Imp              Summ           #.......     14%         2    ##.....
d - Call Canine Familiar  Summ           #.......     30%         3    ###....
e - Blink                 Tloc           N/A          28%         2    ##.....


Dungeon Overview and Level Annotations

Branches:
Dungeon (7/15)             Temple (0/1) D:6

Shops:
D:4 [

Annotations:
D:3 Grinder
D:7 Dowan


Innate Abilities, Weirdness & Mutations

You have an increased reservoir of magic. (+10% MP)


Message History

Okay, then.
Casting: Call Canine Familiar
Confirm with . or Enter, or press ? or * to list all spells.
You don't know that spell.
As you read the scroll of teleportation, it crumbles to dust.
You feel strangely unstable.
The orc wizard gestures wildly while chanting.
The orc wizard blinks!
The orc priest calls down the wrath of Beogh upon you.
Beogh smites you!
* * * LOW HITPOINT WARNING * * *
Casting: Call Canine Familiar
Confirm with . or Enter, or press ? or * to list all spells.
You miscast Call Canine Familiar.
You are very lightly contaminated with residual magic.
You feel a strange surge of energy! You block the orc wizard's attack.
The orc wizard closely misses you.
The orc priest invokes the aid of Beogh against you.
Beogh smites you!
You die...

#...... #.....
#....# #o#.#
#.##.#o# ###
#...ooo# ..
#####o## #.
#o# #######.
#@# .......<
#.# ########
#.# ...... #.#
####### #.#
#...... #.#
#.##### #.#
#.# #
#.##########.#
#
#............#
#


You could see 3 orc priests, 2 orc wizards and 2 orcs.

Vanquished Creatures
  The ghost of bezhaha the Slasher, an amateur OpCK of Xom (D:3)
  Duvessa (D:7)
  A crimson imp (D:5)
  An orc priest (D:7)
  A centaur skeleton (D:4)
  A bullfrog skeleton (D:4)
  Ijyb (D:3)
  2 iguanas
  2 worker ants
  3 gnolls
  5 adders
  An adder skeleton (D:4)
  2 worms
  2 leopard geckos
  12 orcs
  5 giant cockroaches
  8 goblins
  6 hobgoblins
  2 jackals (D:3)
  2 quokkas
  6 bats
  3 frilled lizards
  A jackal skeleton (D:4)
  9 kobolds
  2 leopard gecko skeletons
  A quokka zombie (D:6)
  9 rats
  A butterfly (D:4)
91 creatures vanquished.

Vanquished Creatures (collateral kills)
  A water moccasin (D:6)
  An ogre (D:4)
  2 scorpions
  A howler monkey (D:5)
  A hound (D:5)
  A jelly (D:5)
  3 orc wizards
  An iguana (D:5)
  3 worker ants (D:4)
  5 gnolls
  2 adders
  A shadow imp (D:7)
  A worm (D:2)
  3 orcs
  4 goblins
  4 bats
  4 kobolds
  A rat (D:2)
39 creatures vanquished.

Grand Total: 130 creatures vanquished

Notes
Turn   | Place    | Note
-------+----------+-------------------------------------------
     0 | D:1      | Promi the Demigod Wanderer began the quest for the Orb.
     0 | D:1      | Promi set off with: a book of Minor Magic, the Collected Works on Calling, a +0 robe, a +0 dagger, a bread ration
     0 | D:1      | Reached XP level 1. HP: 14/14 MP: 7/7
     0 | D:1      | Identified the Collected Works on Calling
     2 | D:1      | Learned a level 1 spell: Magic Dart
     4 | D:1      | Learned a level 1 spell: Summon Small Mammal
   504 | D:1      | Reached XP level 2. HP: 22/22 MP: 5/9
   669 | D:1      | Reached skill level 1 in Short Blades
  1045 | D:1      | Reached skill level 1 in Summonings
  1058 | D:2      | Reached skill level 1 in Fighting
  1406 | D:2      | Reached XP level 3. HP: 10/28 MP: 1/11
  1793 | D:2      | Found a bloodstained altar of Trog.
  1966 | D:1      | Learned a level 2 spell: Call Imp
  1970 | D:1      | Learned a level 3 spell: Call Canine Familiar
  2462 | D:2      | Reached XP level 4. HP: 16/35 MP: 7/13
  2681 | D:3      | Reached skill level 1 in Maces & Flails
  3176 | D:3      | Noticed Ijyb
  3191 | D:3      | Killed Ijyb
  3217 | D:3      | Noticed Grinder
  3309 | D:3      | Found a basalt altar of Yredelemnul.
  3434 | D:3      | Noticed bezhaha's ghost (amateur OpCK)
  3479 | D:3      | Killed bezhaha's ghost
  3479 | D:3      | Reached XP level 5. HP: 41/42 MP: 5/14
  3603 | D:3      | Found a faded altar of an unknown god.
  3603 | D:3      | Found a deep blue altar of Sif Muna.
  3608 | D:3      | Found a faded altar of an unknown god.
  3610 | D:3      | Found a burning altar of Makhleb.
  3611 | D:3      | Found a faded altar of an unknown god.
  4194 | D:4      | Found a shimmering altar of Xom.
  4738 | D:4      | Reached XP level 6. HP: 28/50 MP: 14/16
  5105 | D:4      | Found a bloodstained altar of Trog.
  5232 | D:4      | Found Innin's Antique Armour Shoppe.
  5245 | D:4      | Bought a buckler for 103 gold pieces
  5245 | D:4      | Bought a helmet for 103 gold pieces
  5644 | D:5      | Entered Level 5 of the Dungeon
  5644 | D:5      | Found a shadowy altar of Dithmenos.
  6004 | D:5      | Found a shattered altar of Ashenzari.
  6065 | D:5      | Reached XP level 7. HP: 40/56 MP: 17/17
  6107 | D:5      | Learned a level 2 spell: Blink
  6630 | D:6      | Found a staircase to the Ecumenical Temple.
  6923 | D:6      | Found a glowing silver altar of Zin.
  7616 | D:7      | Noticed Duvessa
  7619 | D:7      | Noticed Dowan
  7630 | D:7      | Killed Duvessa
  7630 | D:7      | Reached skill level 1 in Translocations
  7989 | D:7      | Killed from afar by an orc priest

Vault maps used:
D:1:      dpeg_arrival_connections
D:2:      lemuel_tele_altar
D:3:      lemuel_round_altar, chequers_temple_overflow_minitemple, first_bread,
          uniq_grinder, uniq_iyjb
D:4:      xom_butterflies, overflow_temple_1_default, serial_co_window_serial,
          co_window_of_opportunity_a, co_window_paths_a, co_window_corner_a,
          co_window_cross_1, co_window_paths_a, co_window_paths_a,
          co_window_of_opportunity_c, co_window_2corner, co_window_broadway_a,
          co_window_corner_ca, co_window_cross_4, co_window_paths_c,
          glass_columns_a, glass_columns_b, glass_columns_c, serial_shops,
          nicolae_shop_statue_plus
D:5:      overflow_temple_1_default, ashenzari_altar_1
D:6:      lemuel_round_altar
D:7:      kiku_gazebo_pond_becter, serial_shops, shop, uniq_duvessa,
          uniq_crazy_yiuf_cottage

Skill      XL: |  1  2  3  4  5  6  7 |
---------------+----------------------+-----
Short Blades   | 1 |  1.0
Summonings     | 1 2 |  2.6
Fighting       | 1 2 3 |  3.3
Spellcasting   | 4 |  4.8
Maces & Flails | 1 2 3 |  3.2
Shields        | 3 4 |  4.0
Translocations | 1 |  1.1
Evocations     | 2 |  2.0
Hexes          | |  1.0
Ice Magic      | |  2.6

Action                   |  1- 3 |  4- 6 |  7- 9 || total
-------------------------+-------+-------+-------++-------
Melee: Dagger            |     9 |       |       ||     9
       Mace              |    32 |   158 |    81 ||   271
       Short sword       |    13 |       |       ||    13
 Fire: Hunting sling     |    12 |       |       ||    12
 Cast: Magic Dart        |    58 |    10 |       ||    68
       Summon Small Mamm |    17 |       |       ||    17
       Call Canine Famil |     5 |    14 |    15 ||    34
       Call Imp          |       |    10 |     9 ||    19
  Use: Potion            |     1 |     3 |       ||     4
       Scroll            |       |    12 |     1 ||    13
 Stab: Sleeping          |       |     1 |     2 ||     3
       Distracted        |       |     2 |     1 ||     3
  Eat: Chunk             |     5 |    10 |    26 ||    41
       Fruit             |       |     3 |       ||     3
       Pizza             |       |     1 |       ||     1
Armor: Robe              |    36 |    55 |    29 ||   120
Dodge: Dodged            |    82 |   106 |    45 ||   233
Block: Buckler           |       |       |    13 ||    13
